 Dungeon Crawl Stone Soup version 0.24-a0-415-g6d73c25c48 (webtiles) character file.

Game seed: 943908128257770693

1439 Gargoyl the Chopper (level 8, -1/67 HPs)
             Began as a Centaur Abyssal Knight on June 8, 2019.
             Was an Elder of Lugonu.
             Slain by a slime creature (15 damage)
             ... on level 4 of the Dungeon.
             The game lasted 00:09:27 (7897 turns).

Gargoyl the Chopper (Centaur Abyssal Knight)        Turns: 7897, Time: 00:09:28

Health: -1/67      AC: 13    Str: 16    XL:     8   Next: 45%
Magic:  11/11      EV:  6    Int: 16    God:    Lugonu [****..]
Gold:   259        SH:  8    Dex: 10    Spells: 7/7 levels left

rFire    . . .     SeeInvis .   a - +2 hand axe
rCold    . . .     Gourm    .   s - +0 shield
rNeg     . . .     Faith    .   d - +4 scale mail of Youthful Indiscretion {+Blink Int+5}
rPois    .         Spirit   .   (no helmet)
rElec    .         Reflect  .   i - +1 cloak
rCorr    .         Harm     .   (no gloves)
MR       +....                  (no barding)
Stlth    ..........             (no amulet)
HPRegen  0.21/turn              j - ring of protection from magic
MPRegen  0.12/turn              (no ring)

@: very quick
A: large, hooves 3, deformed body, speed 2, tough skin 3
a: Depart the Abyss, Bend Space, Banish, Corrupt, Renounce Religion, Evoke Blink


You were on level 4 of the Dungeon.
You worshipped Lugonu.
Lugonu was greatly pleased with you.
You were hungry.

You visited 1 branch of the dungeon, and saw 5 of its levels.
You visited the Abyss 1 time.
You also visited: Sewer.

You collected 259 gold pieces.

Inventory:

Hand Weapons
 a - a +2 hand axe (weapon)
Armour
 d - the +4 scale mail of Youthful Indiscretion (worn) {+Blink Int+5}
   (You found it on level 3 of the Abyss)

   It affects your intelligence (+5).
   It lets you blink.
 i - a +1 cloak (worn)
 s - a +0 shield (worn)
Jewellery
 j - a ring of protection from magic (left hand)
Scrolls
 f - 2 scrolls of remove curse
 h - a scroll of teleportation
 k - 2 scrolls of blinking
 l - 2 scrolls of amnesia
 m - a scroll of identify
Potions
 b - 2 potions of invisibility
 e - 3 potions of heal wounds
 g - 4 potions of curing
 n - 2 potions of might
 o - 3 potions of agility
 p - a potion of brilliance
 q - 3 potions of haste
 r - a potion of magic
 t - a potion of lignification {unknown}
Comestibles
 c - 14 rations
 u - 2 chunks of flesh


   Skills:
 + Level 4.6 Fighting
 + Level 5.3 Axes
 * Level 4.0 Armour
 + Level 1.9 Dodging
 * Level 2.9 Shields
 * Level 4.8 Invocations


You had 7 spell levels left.
You didn't know any spells.
Your spell library was empty.

Dungeon Overview and Level Annotations

Branches:
Dungeon (5/15)             Temple (0/1) D:5

Altars:
Sif Muna
Wu Jian

Annotations:
D:4 2 transporters


Innate Abilities, Weirdness & Mutations

You have hooves in place of feet.
Armour fits poorly on your strangely shaped body.
You cover ground very quickly.
You have extremely tough skin. (AC +3)


Message History

* * * LOW HITPOINT WARNING * * *
Unknown command.
You feel much better. You block the slime creature's attack.
You hit the slime creature.
The slime creature is severely wounded.
The slime creature hits you!
* * * LOW HITPOINT WARNING * * *
Your shield and scale mail of Youthful Indiscretion prevent you from hitting the slime creature.
The slime creature is severely wounded.
You block the slime creature's attack.
Your shield and scale mail of Youthful Indiscretion prevent you from hitting the slime creature.
The slime creature is severely wounded.
The slime creature hits you!
* * * LOW HITPOINT WARNING * * *
Your shield and scale mail of Youthful Indiscretion prevent you from hitting the slime creature.
Your kick misses the slime creature.
The slime creature is severely wounded.
You block the slime creature's attack.
You feel much better. The slime creature hits you!
You die...

..........## ###
##.## ###########
##.## ##.# #...#
#.## #...## ##.##
#....## #..# ###
#.....# ##.####..
#.....## ##......#
#......## #........
#..@....####........
#..J....##........>.
##......#......#....
#..........##......
#........####(.....
##.....### #......
###.....# #......
###......## #......
##....##.## #.....#


You could see a slime creature.

Vanquished Creatures
  Grinder (D:3)
  An ogre (D:5)
  2 centaurs (D:5)
  6 big kobolds (Sewer)
  2 scorpions
  A crimson imp (D:5)
  A quasit (D:4)
  An orc priest (D:4)
  Crazy Yiuf (D:2)
  A worker ant (D:4)
  An iguana (D:4)
  A gnoll (D:5)
  A howler monkey skeleton (D:4)
  9 adders
  3 river rats (Sewer)
  3 oozes
  7 worms
  2 dart slugs
  3 leopard geckos
  8 orcs
  8 ball pythons
  5 bats
  5 giant cockroaches
  11 goblins
  10 hobgoblins
  7 jackals
  3 quokkas
  4 frilled lizards
  28 kobolds
  A quokka skeleton (D:4)
  25 rats
162 creatures vanquished.

Vanquished Creatures (others)
  4 starspawn tentacles (Abyss:2)
4 creatures vanquished.

Grand Total: 166 creatures vanquished

Notes
Turn   | Place    | Note
-------+----------+-------------------------------------------
     0 | Abyss:1  | Gargoyl the Centaur Abyssal Knight began the quest for the
                  | Orb.
     0 | Abyss:1  | Reached XP level 1. HP: 19/19 MP: 2/2
    65 | Abyss:1  | Noticed a water elemental
   199 | Abyss:2  | Noticed a tentacled starspawn
   238 | Abyss:2  | Noticed a hellwing
   248 | Abyss:3  | Got a heavily runed scale mail
   259 | Abyss:3  | Identified the +4 scale mail of Youthful Indiscretion
                  | {+Blink Int+5} (You found it on level 3 of the Abyss)
   281 | Abyss:5  | Entered Level 5 of the Abyss
   281 | Abyss:5  | Noticed an ettin
   281 | Abyss:5  | Noticed an ettin
   289 | Abyss:5  | Noticed a raiju
   289 | Abyss:5  | Noticed a raiju
   293 | Abyss:5  | Noticed a raiju
   297 | D:1      | Escaped the Abyss
   537 | D:1      | Reached * piety under Lugonu
   657 | D:1      | Reached XP level 2. HP: 24/26 MP: 3/3
   953 | D:1      | Reached XP level 3. HP: 30/31 MP: 4/4
  1115 | D:1      | Reached skill level 2 in Axes
  1732 | D:2      | Reached ** piety under Lugonu
  1998 | D:2      | Reached XP level 4. HP: 36/38 MP: 5/5
  2297 | D:2      | Reached skill level 1 in Dodging
  2297 | D:2      | Reached skill level 1 in Shields
  2567 | D:2      | Reached XP level 5. HP: 45/45 MP: 7/7
  2661 | D:2      | Found a runed translucent door.
  2662 | D:2      | Noticed Crazy Yiuf
  2931 | D:2      | Killed Crazy Yiuf
  3428 | D:3      | Found a glowing drain.
  3438 | D:3      | Noticed Grinder
  3443 | Sewer    | Entered a sewer
  3484 | Sewer    | Reached skill level 3 in Axes
  3517 | Sewer    | Reached XP level 6. HP: 32/52 MP: 8/8
  3834 | Sewer    | Reached *** piety under Lugonu
  4014 | Sewer    | Reached skill level 4 in Axes
  4372 | Sewer    | Reached XP level 7. HP: 54/59 MP: 9/9
  4678 | D:3      | Killed Grinder
  5290 | D:3      | Reached **** piety under Lugonu
  6296 | D:4      | Reached XP level 8. HP: 66/67 MP: 11/11
  6500 | D:4      | Found a transporter.
  6609 | D:4      | Found a transporter.
  6616 | D:4      | Found a deep blue altar of Sif Muna.
  6653 | D:4      | Found an ornate altar of the Wu Jian Council.
  7309 | D:5      | Entered Level 5 of the Dungeon
  7319 | D:4      | Reached skill level 5 in Axes
  7400 | D:5      | Found a staircase to the Ecumenical Temple.
  7834 | D:5      | Noticed a slime creature
  7895 | D:4      | HP: 2/67 [slime creature (15)]
  7897 | D:4      | Slain by a slime creature

Levels and vault maps discovered:
D:1:      dpeg_chamrin_arrival_tetris, layout_loops_ring
D:2:      layout_loops_corners, serial_forest, infiniplex_forest_straight_3,
          infiniplex_forest_clump_small, infiniplex_forest_lined_room_,
          infiniplex_forest_lined_ring, infiniplex_forest_split,
          infiniplex_forest_clump_C, minivault_24, uniq_crazy_yiuf_cottage
D:3:      layout_loops_ring, portal_sewer_entry_a, serial_co_window_serial,
          co_window_corner_a, co_window_corner_a, co_window_corner_a,
          co_window_paths_a, co_window_corner_a, co_window_2corner,
          co_window_2corner, co_window_2corner, co_window_paths_c,
          co_window_corner_cb, co_window_4corner_b, grunt_ministairs_5,
          uniq_grinder
D:4:      minmay_wonky_spiral, layout_cave_pods,
          gammafunk_temple_overflow_arena, lemuel_doored_altar
D:5:      layout_rooms, minmay_temple_entry_statues_pillars, first_ration,
          minmay_chambers_of_fives

Skill      XL: |  1  2  3  4  5  6  7  8 |
---------------+-------------------------+-----
Axes           | 2 3 4 5 |  5.3
Armour         | 2 3 4 |  4.0
Dodging        | 1 |  1.9
Shields        | 1 2 |  2.9
Invocations    | 3 4 |  4.8
Fighting       | 4 |  4.6

Action                   |  1- 3 |  4- 6 |  7- 9 || total
-------------------------+-------+-------+-------++-------
Melee: Hand axe          |   151 |   184 |   210 ||   545
       Kick              |    20 |    43 |    42 ||   105
Invok: Depart the Abyss  |     1 |       |       ||     1
  Use: Scroll            |     3 |     3 |     6 ||    12
       Potion            |     1 |     4 |     4 ||     9
  Eat: Chunk             |     2 |     7 |     9 ||    18
Armor: Scale mail        |    93 |   140 |   118 ||   351
Dodge: Dodged            |    48 |    77 |    62 ||   187
Block: Buckler           |    18 |    34 |    12 ||    64
       Shield            |       |       |    57 ||    57

Table legend:
 A = Non-vault XP
 B = Vault XP
 C = Vault XP percentage of total XP
 D = Non-vault monster count
 E = Vault monster count
 F = Vault count percentage of total count
                 A         B        C        D         E       F
            +---------+---------+-------+---------+---------+-------
      Total |     900 |    1156 |  56.2 |     103 |      59 |  36.4
            +---------+---------+-------+---------+---------+-------
        D:1 |      48 |       0 |   0.0 |      26 |       0 |   0.0
        D:2 |     154 |      41 |  21.0 |      27 |       1 |   3.6
        D:3 |      74 |     297 |  80.1 |      31 |       7 |  18.4
        D:4 |     191 |      86 |  31.0 |      11 |       3 |  21.4
        D:5 |     433 |       0 |   0.0 |       8 |       0 |   0.0
      Sewer |       0 |     732 | 100.0 |       0 |      48 | 100.0
            +---------+---------+-------+---------+---------+-------
